AoeStats
← 白桵

Arena

509627332Analyzed
4v4 RM · 4d ago on Sep 27, 2026· 50m 2s· 8 players
Game mode
Random Map
Map size
Large (8 player)
Population
200
Speed
Normal
Resources
Standard
Victory
Conquest
Starting age
Dark Age
Ending age
Imperial Age
RankedLock teamsTeams togetherTeam positionsShared explorationLock speedFull tech treeHidden civsTurbo modeCheats
Victory
Defeat
🇻🇳 Vietnamese · Vietnam
958
+16
🇨🇳 Teutons · China
954
+16
🇨🇳 Mongols · China
949
+16
🇨🇳 Spanish · China
941
+17
🇮🇳 Bohemians · India
990
-18
🇨🇳 Magyars · China
979
-17
🇹🇷 Mongols · Türkiye
934
-15
🇩🇰 Saracens · Denmark
932
-15
白仔
11:20 Feudal Age
15:18 Castle Age
13:26 Double-Bit Axe
13:24 Horse Collar
14:11 Gold Mining
17:01 Wheelbarrow
20:34 Loom
22:35 Bloodlines
22:25 Husbandry
24:06 Husbandry
23:59 Fletching
24:09 Padded Archer Armor
29:34 Imperial Age
28:09 Forging
28:04 Scale Barding Armor
29:41 Iron Casting
30:29 Chain Barding Armor
30:24 Heavy Camel Rider
32:22 Blast Furnace
31:43 Hand Cart
31:43 Bow Saw
32:54 Heavy Plow
32:56 Bodkin Arrow
34:29 Conscription
36:38 Town Watch
37:17 Elite Mangudai
38:41 Ballistics
39:22 Chemistry
38:18 Murder Holes
38:27 Bracer
38:28 Padded Archer Armor
40:41 Gold Shaft Mining
39:56 Stone Mining
40:25 Leather Archer Armor
40:14 Town Patrol
43:29 Light Cavalry
45:01 Hussar
白桵
11:48 Feudal Age
16:12 Castle Age
14:03 Double-Bit Axe
14:31 Horse Collar
16:18 Wheelbarrow
18:17 Forging
19:36 Stone Mining
20:54 Iron Casting
20:21 Scale Mail Armor
20:53 Pikeman
22:48 Elite Skirmisher
24:40 Stone Shaft Mining
24:35 Fletching
27:09 Padded Archer Armor
27:38 Gold Mining
30:03 Hand Cart
30:52 Bow Saw
31:41 Heavy Plow
32:26 Stone Shaft Mining
36:23 Imperial Age
34:27 Gambesons
34:43 Squires
34:29 Arson
38:21 Two-Man Saw
37:54 Crop Rotation
36:50 Halberdier
38:06 Conscription
41:48 Blast Furnace
41:04 Chain Mail Armor
41:04 Leather Archer Armor
40:45 Bodkin Arrow
41:23 Ballistics
41:41 Imperial Skirmisher
44:58 Plate Mail Armor
46:35 Onager
48:22 Ring Archer Armor
我儿陆振洋
11:30 Feudal Age
11:34 Loom
15:05 Castle Age
13:39 Double-Bit Axe
19:19 Bow Saw
18:53 Horse Collar
28:13 Heavy Plow
31:58 Imperial Age
31:52 Wheelbarrow
31:22 Gold Mining
31:25 Stone Mining
33:40 Conscription
33:51 Hand Cart
34:47 Block Printing
35:40 Elite Conquistador
39:35 Chemistry
38:55 Ballistics
38:31 Fletching
38:41 Padded Archer Armor
38:42 Scale Mail Armor
38:52 Forging
39:54 Two-Man Saw
39:32 Stone Shaft Mining
39:05 Pikeman
39:47 Squires
39:34 Arson
39:34 Halberdier
43:09 Leather Archer Armor
42:49 Bodkin Arrow
43:30 Iron Casting
43:10 Chain Mail Armor
48:54 Ring Archer Armor
48:24 Bracer
49:24 Blast Furnace
48:55 Plate Mail Armor
Benjami
0:26 Loom
10:45 Feudal Age
12:02 Wheelbarrow
11:14 Double-Bit Axe
17:23 Castle Age
15:53 Gold Mining
17:05 Scale Barding Armor
17:41 Bloodlines
18:27 Bow Saw
19:54 Husbandry
22:11 Horse Collar
25:07 Chain Barding Armor
26:05 Hand Cart
26:03 Stone Mining
26:41 Forging
33:50 Imperial Age
31:33 Elite Skirmisher
32:04 Fletching
32:38 Ballistics
33:12 Padded Archer Armor
33:08 Bodkin Arrow
32:59 Treadmill Crane
33:36 Heavy Plow
34:31 Leather Archer Armor
34:13 Pikeman
34:55 Squires
35:13 Scale Mail Armor
35:36 Halberdier
37:46 Two-Man Saw
36:46 Imperial Skirmisher
38:25 Chain Mail Armor
38:52 Bracer
39:54 Chemistry
40:59 Plate Mail Armor
41:22 Ring Archer Armor
42:38 Heated Shot
46:29 Iron Casting
48:07 Stone Shaft Mining
48:44 Elite Fire Lancer
MrTK
5:23 Loom
11:38 Feudal Age
16:17 Castle Age
14:46 Double-Bit Axe
19:40 Stone Mining
25:08 Fletching
27:22 Bodkin Arrow
30:09 Ballistics
32:42 Murder Holes
37:25 Imperial Age
35:52 Town Watch
36:27 Bow Saw
37:29 Husbandry
37:42 Bloodlines
37:47 Padded Archer Armor
40:18 Forging
42:51 Wheelbarrow
42:13 Gold Mining
42:07 Light Cavalry
43:18 Elite Skirmisher
44:36 Horse Collar
46:12 Heavy Scorpion
48:14 Chemistry
maltheh9797
10:57 Feudal Age
12:11 Double-Bit Axe
14:38 Castle Age
12:31 Horse Collar
16:01 Bow Saw
16:09 Town Watch
16:59 Wheelbarrow
21:24 Loom
23:57 Fletching
27:40 Ballistics
28:28 Forging
28:24 Scale Barding Armor
31:37 Imperial Age
30:33 Iron Casting
30:20 Chain Barding Armor
31:45 Elite Mameluke
32:48 Conscription
33:09 Plate Barding Armor
38:17 Bloodlines
37:27 Light Cavalry
39:26 Blast Furnace
38:22 Bodkin Arrow
39:50 Husbandry
41:09 Hussar
46:38 Gold Mining
AJ老师
0:33 Loom
12:00 Feudal Age
18:32 Castle Age
16:36 Double-Bit Axe
17:34 Horse Collar
19:31 Heavy Plow
22:06 Wheelbarrow
26:13 Corvinian Army
27:40 Gold Mining
32:53 Imperial Age
31:05 Bloodlines
31:42 Gold Shaft Mining
31:44 Hand Cart
32:51 Husbandry
33:18 Bow Saw
34:11 Scale Barding Armor
34:00 Cavalier
36:42 Stone Mining
37:17 Chain Barding Armor
37:37 Paladin
40:50 Two-Man Saw
40:23 Crop Rotation
40:46 Plate Barding Armor
40:03 Fletching
40:13 Padded Archer Armor
40:13 Heavy Cavalry Archer
41:20 Parthian Tactics
40:58 Bodkin Arrow
41:56 Leather Archer Armor
41:47 Recurve Bow
43:44 Bracer
44:14 Ring Archer Armor
阳江第一刀
10:12 Feudal Age
14:17 Castle Age
12:36 Double-Bit Axe
13:03 Horse Collar
19:17 Loom
21:48 Loom
23:31 Murder Holes
39:14 Heavy Plow
42:01 Wheelbarrow
43:14 Bow Saw
43:16 Town Watch
44:14 Elite Skirmisher
47:06 Chemistry
46:17 Squires
46:02 Arson
46:16 Fletching
Connection lost

Rejoining the realm…

Still unreachable

The connection could not be restored.

Session expired

The server has moved on; the page needs a fresh start.